 Dungeon Crawl Stone Soup version 0.29.1-1-gd02db6906a (webtiles) character file.

Game seed: 16461084819543299972

48 sentinel the Digger (level 4, 0/33 HPs)
             Began as a Meteoran Earth Elementalist on Oct 7, 2022.
             Slain by an orc
             ... wielding a +0 whip
              (4 damage)
             ... on level 4 of the Dungeon.
             The game lasted 00:02:19 (459 turns).

sentinel the Digger (Meteoran Earth Elementalist)    Turns: 459, Time: 00:02:20

Health: 0/33       AC:  2    Str: 15    XL:     4   Next: 18%
Magic:  0/9        EV: 12    Int: 18    God:
Gold:   0          SH:  0    Dex: 15    Spells: 2/8 levels left

rFire   . . .      SeeInvis .   (no weapon)
rCold   . . .      Faith    .   (no shield)
rNeg    + . .      Spirit   .   a - +0 robe
rPois   .          Reflect  .   (no helmet)
rElec   .          Harm     .   (no cloak)
rCorr   .          Rampage  .   (no gloves)
Will    .....                   (no boots)
Stlth   +.........              (no amulet)
HPRegen 0.11/turn               j - ring of positive energy
MPRegen 0.11/turn               k - +6 ring of strength

@: on berserk cooldown, slowed, glowing, very slow
A: sense surroundings 1, otherworldly, glowing, explore regen
a: no special abilities


You were on level 4 of the Dungeon.
You visited 1 branch of the dungeon, and saw 4 of its levels.

Inventory:

Armour
 a - a +0 robe (worn)
Jewellery
 j - a ring of positive energy (left hand)
 k - a +6 ring of strength (right hand)
Scrolls
 c - a scroll of enchant armour
 f - a scroll of fear
Potions
 b - a potion of magic
 h - a potion of might {unknown}
 i - a potion of flight {unknown}


   Skills:
 - Level 2.4 Dodging
 - Level 1.4 Stealth
 - Level 2.6 Spellcasting
 * Level 2.1 Conjurations
 - Level 1.2 Transmutations
 - Level 5.0 Earth Magic


You had 2 spell levels left.
You knew the following spells:

 Your Spells              Type           Power      Damage    Failure   Level
a - Sandblast             Erth           40%        2d10      2%          1
b - Stone Arrow           Conj/Erth      30%        3d8       12%         3
c - Passwall              Tmut/Erth      10%        N/A       7%          2

Your spell library contained the following spells:

 Spells                   Type           Power      Damage    Failure   Level
 Sting                    Tmut/Pois      16%        1d3       13%         1
 Poisonous Vapours        Pois/Air       4%         N/A       26%         2
 Petrify                  Tmut/Erth      13%        N/A       43%         4
 Olgreb's Toxic Radiance  Pois           2%         N/A       86%         4


Dungeon Overview and Level Annotations

Branches:
Dungeon (4/15) Zot: 1929
 Temple: D:4-7

Altars:
Zin

Shops:
D:1 (


Innate Abilities, Weirdness & Mutations

You passively map a small area around you.
You are easily found by Zot.
You glow in the dark.
You regain HP and MP as you explore.


Message History

The blast of sand hits the goblin!
You kill the goblin!
You have reached level 3!
Your experience leads to an increase in your attributes!
Your base attributes are Str 9, Int 16, Dex 14.
Increase (s)trength, (i)ntelligence, or (d)exterity?
You feel clever. x2; You feel agile.
This spell is quite dangerous to cast!
Memorise Stone Arrow, consuming 3 spell levels and leaving 1?
You start memorising the spell.
You continue memorising. x3
You finish memorising.
Spell assigned to 'b'.
You see here a +0 leather armour.
There is a stone staircase leading down here.
You climb downwards.
The hobgoblin shouts!
There is a stone staircase leading up here.
The blast of sand hits the hobgoblin!
You kill the hobgoblin!
You can't see any susceptible monsters within range! (Use Z to cast anyway.)
You can't see any susceptible monsters within range! (Use Z to cast anyway.)
As you read the scroll labelled GIYWOSHIERU, it crumbles to dust.
It is a scroll of identify.
c - a scroll of enchant armour;
r - 2 scrolls of identify
As you read the scroll of identify, it crumbles to dust.
f - a scroll of fear
As you read the scroll of identify, it crumbles to dust.
d - 2 potions of degeneration;
e - 2 potions of degeneration
Okay, then.
Unknown command.
You drop 2 potions of degeneration.
An endoplasm comes into view.
An endoplasm is nearby!
The endoplasm quivers.
The blast of sand hits the endoplasm!
You kill the endoplasm!
You can't see any susceptible monsters within range! (Use Z to cast anyway.)
Found a stone staircase leading up.
There is a stone staircase leading up here.
You climb upwards.
The endoplasm quivers.
The orc shouts!
You hear a shout! x2
There is a stone staircase leading down here.
The blast of sand hits the orc but does no damage.
An orc priest comes into view. It is wielding a +0 dagger.
An orc comes into view. It is wielding a +0 mace.
The blast of sand hits the orc but does no damage.
The orc priest shouts!
You hear a shout! x2
The orc misses you.
An orc comes into view. It is wielding a +0 whip.
The blast of sand hits the orc.
The orc is moderately wounded.
The orc priest calls upon Beogh to heal the orc.
The orc's wounds heal themselves!
The orc barely misses you.
The endoplasm hits you but does no damage.
An endoplasm comes into view.
The blast of sand hits the orc but does no damage.
An orc comes into view. It is wielding a +0 short sword.
The endoplasm barely misses you. The orc hits you with a +0 whip.
The endoplasm hits you. The endoplasm barely misses you.
The orc priest closely misses you. The orc hits you with a +0 whip.
You climb downwards.
There is a stone staircase leading up here.
Casting: Sandblast (safe; 2% risk of failure)
Confirm with . or Enter, or press ? or * to list all spells.
Aiming: Sandblast (safe; 2% risk of failure)
Press: ? - help, Shift-Dir - straight line, f - orc priest
Aim: an orc priest, wielding a +0 dagger and wearing a +0 ring mail (84% to hit)
Okay, then.
Casting: Sandblast (safe; 2% risk of failure)
Confirm with . or Enter, or press ? or * to list all spells.
Aiming: Stone Arrow (quite dangerous; 17% risk of failure)
Press: ? - help, Shift-Dir - straight line, f - endoplasm
Aim: an endoplasm (97% to hit)
Okay, then.
Casting: Stone Arrow (quite dangerous; 17% risk of failure)
Confirm with . or Enter, or press ? or * to list all spells.
Aiming: Sandblast (safe; 2% risk of failure)
Press: ? - help, Shift-Dir - straight line, f - orc priest
Aim: an orc priest, wielding a +0 dagger and wearing a +0 ring mail (84% to hit)
The blast of sand hits the orc priest but does no damage.
The orc closely misses you. The orc priest barely misses you.
The endoplasm hits you.
Casting: Sandblast (safe; 2% risk of failure)
Confirm with . or Enter, or press ? or * to list all spells.
Aiming: Sandblast (safe; 2% risk of failure)
Press: ? - help, Shift-Dir - straight line, f/p - orc priest
Aim: an orc priest, wielding a +0 dagger and wearing a +0 ring mail (84% to hit)
The blast of sand hits the orc priest!
The orc priest is severely wounded.
The orc priest hits you with a +0 dagger.
The endoplasm barely misses you. The orc hits you with a +0 whip.
The orc barely misses you. The orc priest closely misses you.
The endoplasm barely misses you.
Press: ? - help, v - describe, . - travel
Here: an orc priest, wielding a +0 dagger and wearing a +0 ring mail (severely wounded)
The floor.
Casting: Sandblast (safe; 2% risk of failure)
Confirm with . or Enter, or press ? or * to list all spells.
Aiming: Stone Arrow (quite dangerous; 17% risk of failure)
Press: ? - help, Shift-Dir - straight line, f/p - orc priest
Aim: an orc priest, wielding a +0 dagger and wearing a +0 ring mail (severely wounded, 72% to hit)
The stone arrow hits the orc priest.
You kill the orc priest!
The orc hits you with a +0 whip. The endoplasm freezes you.
You are frozen.
Training target 5.0 for Earth Magic reached!
Your Conjurations skill gained 2 levels and is now at level 2!
Your Earth Magic skill increases to level 5!
You have reached level 4!
Okay, then.
Okay, then.
Okay, then.
Okay, then.
The orc completely misses you. The endoplasm freezes you.
You are frozen.
Things that are here:
a +0 dagger; a +0 ring mail; an orc corpse HP warning!
It was a potion of berserk rage.
A red film seems to cover your vision as you go berserk!
You feel yourself moving faster!
You feel mighty! The endoplasm barely misses you. The orc barely misses you.
HP warning!
You feel a strong urge to attack something.
HP warning!
The orc hits you with a +0 whip.
HP warning!
You feel your anger nearly subside.
HP warning!
You are no longer berserk.
You are exhausted.
You feel yourself slow down.
HP warning!
Casting: Stone Arrow (quite dangerous; 12% risk of failure)
Confirm with . or Enter, or press ? or * to list all spells.
Aiming: Sandblast (safe; 2% risk of failure)
Press: ? - help, Shift-Dir - straight line, f - orc
Aim: an orc, wielding a +0 whip and wearing a +0 chain mail (87% to hit)
The blast of sand hits the orc.
The orc is severely wounded.
The orc hits you with a +0 whip.
You die...

* ,, ,* , ,,, , , ###
, * * , * #.# * * ,,*
, #.#** ##########
### #.# #<.......# ,
#.###.######).##.##.#
..............Jo#...#
..............##@#,
...#######.#.###.#. *
** , #.##
#............., , #.#
#..##........., #.#
#.# #.#.####.. * **
#.#####.# ...#.. ...*
#...!##.###.##.##
...# ........# #.#*.#
*,..# * ####.##.###.#
.#


You could see an orc and an endoplasm.

Vanquished Creatures
  An orc priest (D:4)
  A dart slug (D:2)
  A ball python (D:2)
  A bat (D:1)
  2 endoplasms
  A hobgoblin (D:4)
  4 jackals (D:2)
  A frilled lizard (D:2)
  3 goblins
  A kobold (D:2)
16 creatures vanquished.

Notes
Turn   | Place    | Note
-------+----------+-------------------------------------------
     0 | D:1      | sentinel the Meteoran Earth Elementalist began the quest
                  | for the Orb.
     0 | D:1      | Reached XP level 1. HP: 14/14 MP: 5/5
    74 | D:1      | Found Menur's Weapon Boutique.
   223 | D:2      | Reached skill level 4 in Earth Magic
   223 | D:2      | Reached XP level 2. HP: 20/20 MP: 4/6
   226 | D:2      | Learned a level 2 spell: Passwall
   278 | D:2      | Found a glowing silver altar of Zin.
   316 | D:1      | You fall into a shaft and drop 1 floor!
   394 | D:3      | Reached XP level 3. HP: 26/26 MP: 1/8
   398 | D:3      | Learned a level 3 spell: Stone Arrow
   453 | D:4      | Reached skill level 5 in Earth Magic
   453 | D:4      | Reached XP level 4. HP: 6/33 MP: 0/9
   459 | D:4      | Slain by an orc

Illustrated notes

Levels and vault maps discovered:
D:1:      dpeg_arrival_erosion, layout_loops_ring, serial_shops, shop,
          hellmonk_ecumenical_altar_blasted, chequers_garden
D:2:      layout_basic, basic_altar, uniq_crazy_yiuf_cottage
D:3:      layout_rooms, mainiacjoe_overflow_cross_hatched, serial_shops,
          nicolae_shop_competitors_out_of_business, uniq_natasha, uniq_grinder
D:4:      kennysheep_six_static_rooms, layout_loops_ring, kennysheep_little_box,
          minmay_temple_entry_fiery, corexii_leaking_fountain, uniq_sigmund,
          uniq_robin

Skill      XL: |  1  2  3 |
---------------+----------+-----
Earth Magic    | 4 5 |  5.0
Conjurations   | 2 |  2.1
Dodging        | |  2.4
Stealth        | |  1.4
Spellcasting   | |  2.6
Transmutations | |  1.2

Action                   |  1- 3 |  4- 6 || total
-------------------------+-------+-------++-------
 Cast: Sandblast         |    25 |     1 ||    26
       Passwall          |     3 |       ||     3
       Stone Arrow       |     1 |       ||     1
  Use: Scroll            |     3 |       ||     3
       Potion            |       |     1 ||     1
Armor: Robe              |     9 |       ||     9
Dodge: Dodged            |    27 |     3 ||    30
